 Dungeon Crawl Stone Soup version 0.32-a0-30-gefbe487952 (webtiles) character file.

Game seed: 6389096909793128176

5128 oldriver the Fighter (level 10, -3/82 HPs)
             Began as a Demonspawn Fire Elementalist on Jan 20, 2024.
             Was an Initiate of Gozag.
             Slain by a vampire mosquito (5 damage)
             ... on level 11 of the Dungeon.
             The game lasted 00:14:57 (8655 turns).

oldriver the Fighter (Demonspawn Fire Elementalist) Turns: 8655, Time: 00:14:58

Health: -3/82      AC:  8    Str:  8    XL:     10   Next: 33%
Magic:  18/22      EV: 12    Int: 20    God:    Gozag
Gold:   1346       SH:  0    Dex: 14    Spells: 14/25 levels left

rFire   . . .        p - +0 dagger
rCold   . . .        (no shield)
rNeg    . . .        a - +0 robe
rPois   .            (helmet restricted)
rElec   .            h - scarf {repulsion}
rCorr   .            H - +0 pair of gloves
SInv    .            j - +0 pair of boots
Will    .....        c - amulet of magic regeneration
Stlth   ++           l - +4 ring of protection
HPRegen 0.33/turn    r - ring of wizardry
MPRegen 0.58/turn

%: repel missiles, wizardry (x1)
@: very slightly contaminated
A: hooves 1, horns 1, demonic guardian 1, powered by death 2, weakness stinger 2
a: Renounce Religion, Potion Petition, Call Merchant, Bribe Branch


You were on level 11 of the Dungeon.
You worshipped Gozag.
Gozag was most pleased with you.
You visited 2 branches of the dungeon, and saw 12 of its levels.

You collected 1377 gold pieces.
You paid 31 gold pieces to Gozag.

Inventory:

Hand Weapons
 p - a +0 dagger (weapon)
Armour
 a - a +0 robe (worn)
 h - a scarf of repulsion (worn)
 j - a +0 pair of boots (worn)
 H - a +0 pair of gloves (worn)
Jewellery
 c - an amulet of magic regeneration (around neck)
 l - a +4 ring of protection (left hand)
 r - a ring of wizardry (right hand)
Wands
 q - a wand of mindburst (1)
 t - a wand of iceblast (6)
 y - a wand of flame (60)
 G - a wand of charming (8)
Scrolls
 d - 4 scrolls of teleportation {unknown}
 e - 2 scrolls of enchant weapon {unknown}
 f - 3 scrolls of noise {unknown}
 g - 3 scrolls of immolation {unknown}
 k - 5 scrolls of identify {unknown}
 m - 3 scrolls of blinking {unknown}
 n - a scroll of vulnerability {unknown}
 o - a scroll of fear {unknown}
 u - 3 scrolls of enchant armour {unknown}
 v - 2 scrolls of amnesia {unknown}
 D - a scroll of revelation {unknown}
Potions
 b - a potion of ambrosia {unknown}
 i - a potion of haste {unknown}
 s - 2 potions of heal wounds {unknown}
 w - a potion of curing {unknown}
 x - a potion of mutation {unknown}
 z - a potion of lignification {unknown}
 A - 3 potions of enlightenment {unknown}
 B - 3 potions of brilliance {unknown}
 C - a potion of attraction
 E - 2 potions of might {unknown}
 F - a potion of cancellation


   Skills:
 + Level 8.7 Fighting
 - Level 1.7 Dodging
 - Level 1.7 Stealth
 + Level 8.1 Spellcasting
 - Level 7.0 Conjurations
 - Level 5.0 Fire Magic
 - Level 4.0 Alchemy


You had 14 spell levels left.
You knew the following spells:

 Your Spells              Type           Power      Damage    Failure   Level
a - Foxfire               Conj/Fire      100%       2x1d9     1%          1
b - Scorch                Fire           56%        2d7       1%          2
c - Flame Wave            Conj/Fire      32%        2d9       2%          4
p - Fulminant Prism       Conj/Alch      15%        3d10      3%          4

Your spell library contained the following spells:

 Spells                   Type           Power      Damage    Failure   Level
 Magic Dart               Conj           100%       1d8       1%          1
 Searing Ray              Conj           72%        2d7       1%          2
 Hailstorm                Conj/Ice       22%        3d7       2%          3
 Inner Flame              Hex/Fire       18%        N/A       3%          3
 Volatile Blastmotes      Fire/Tloc      36%        2d13      3%          3
 Jinxbite                 Hex            16%        N/A       5%          2
 Summon Ice Beast         Ice/Summ       8%         N/A       11%         3
 Airstrike                Air            4%         2d(1-17)  32%         4
 Passage of Golubria      Tloc           8%         N/A       32%         4
 Yara's Violent Unravell  Hex/Alch       8%         3d5       38%         5
 Silence                  Hex/Air        4%         N/A       65%         5
 Sculpt Simulacrum        Ice/Alch       8%         N/A       89%         6
 Enfeeble                 Hex            4%         N/A       100%        7
 Discord                  Hex            4%         N/A       100%        8
 Lehudib's Crystal Spear  Conj/Erth      11%        10d4      100%        8


Dungeon Overview and Level Annotations

Branches:
Dungeon (11/15)            Temple (1/1) D:5             Orc (0/2) D:10
   Lair: D:8-11

Altars:
Dithmenos
Fedhas
Gozag
Hepliaklqana
Kikubaaqudgha
Makhleb
Nemelex Xobeh
Okawaru
Qazlal
Ru
Sif Muna
Trog
Uskayaw
Vehumet
Wu Jian
Xom
Yredelemnul
Jiyva

Shops:
D:3 (

Annotations:
D:8 3 runed translucent doors, BigPumpCobain's ghost, novice MiBe


Innate Abilities, Weirdness & Mutations

You have large cloven feet.
You have a pair of small horns on your head.
A weak demonic guardian rushes to your aid.
You regenerate health from kills.
You have a tail ending in a sharp stinger.


Message History

Aiming: Fulminant Prism (dangerous; 3% risk of failure)
Press: ? - help, Dir - move target You conjure a prism of explosive energy!
A fulminant prism comes into view.
The vampire mosquito closely misses you.
The water moccasin bites your fulminant prism.
Unknown command.
The vampire mosquito bites you but does no damage.
The water moccasin bites your fulminant prism but does no damage.
The vampire mosquito bites you!
* * * LOW HITPOINT WARNING * * *
A demonic guardian appears!
The vampire mosquito draws strength from your injuries!
The water moccasin bites your fulminant prism but does no damage.
Your fulminant prism crackles loudly.
The vampire mosquito attacks as it pursues you!
The vampire mosquito bites you but does no damage. x2
The water moccasin bites your fulminant prism!
Your fulminant prism explodes!
The blast of energy engulfs the water moccasin.
The water moccasin is lightly wounded.
You swap places.
The vampire mosquito barely misses you.
The vampire mosquito bites your white imp but does no damage.
Your white imp closely misses the vampire mosquito.
The vampire mosquito closely misses your white imp.
The vampire mosquito bites your white imp but does no damage.
The vampire mosquito bites you but does no damage.
Your white imp completely misses the vampire mosquito.
Casting: Fulminant Prism (dangerous; 3% risk of failure)
Confirm with . or Enter, or press ? or * to list all spells.
Aiming: Fulminant Prism (dangerous; 3% risk of failure)
Press: ? - help, Dir - move target You miscast Fulminant Prism.
You are very lightly contaminated with residual magic.
Sparks fly from your hands.
* * * LOW HITPOINT WARNING * * *
The vampire mosquito barely misses your white imp.
The vampire mosquito bites you.
You die...
Your body crumbles into a pile of gold.

### #.# ..# #S# #.# #.#
#.# #.# #.# #S# #.###y#
#########.#.5.#
..........y.###
###############.@.#
#....##.......#.###
#.##.##.#.....#.#.#####
#.##.##.#..#..#.#.....#
#.##.......#.<#.#.###.#
#.#####.####....#.# #.#
#.# #.........#.# #.#
#.# ########.##.# #.#
..# #....#.# #.#


You could see a water moccasin, 2 vampire mosquitoes and a friendly white imp
(summoned).

Vanquished Creatures
  A tengu warrior (D:9)
  A komodo dragon (D:11)
  A troll (D:11)
  3 wraiths (D:9)
  Eustachio (D:6)
  Duvessa (D:5)
  2 water moccasins
  A black bear (D:8)
  A sky beast (D:7)
  4 orc warriors
  An ogre (D:4)
  A phantom (D:4)
  2 kobold brigands (D:9)
  2 bullfrogs (D:8)
  A gnoll sergeant (D:10)
  3 scorpions
  7 wights
  Dowan (D:5)
  6 howler monkeys
  4 electric eels (D:9)
  A hound (D:5)
  2 bombardier beetles (D:5)
  5 jellies
  A sleepcap (D:4)
  7 orc priests
  8 orc wizards
  4 iguanas
  11 adders
  4 gnolls (D:10)
  A shadow imp (D:7)
  A white imp (D:7)
  2 dart slugs (D:4)
  26 orcs
  5 endoplasms
  5 giant cockroaches
  A goblin (D:1)
  9 hobgoblins
  3 jackals (D:4)
  18 kobolds
  2 ball pythons
  6 bats
  7 frilled lizards
  3 rats
176 creatures vanquished.

Vanquished Creatures (collateral kills)
  A steam dragon (D:7)
  A hound (D:7)
  A foxfire (D:10)
3 creatures vanquished.

Vanquished Creatures (others)
  743 foxfires
  3 fulminant prisms (D:11)
746 creatures vanquished.

Grand Total: 925 creatures vanquished

Notes
Turn   | Place    | Note
-------+----------+-------------------------------------------
     0 | D:1      | oldriver the Demonspawn Fire Elementalist began the quest
                  | for the Orb.
     0 | D:1      | Reached XP level 1. HP: 13/13 MP: 3/3
   455 | D:1      | Gained mutation: You regenerate a little health from kills.
                  | [demonic ancestry]
   455 | D:1      | Reached XP level 2. HP: 20/20 MP: 1/5
   745 | D:1      | Reached skill level 1 in Fighting
   952 | D:2      | Discovered your monstrous ancestry.
   952 | D:2      | Gained mutation: You have a small tail. [demonic ancestry]
   952 | D:2      | Reached XP level 3. HP: 26/26 MP: 2/6
  1238 | D:2      | Learned a level 2 spell: Scorch
  2007 | D:3      | Found an opulent altar of Gozag.
  2019 | D:3      | Became a worshipper of Gozag Ym Sagoz the Greedy
  2195 | D:3      | Found Cott's Weapon Shop.
  2392 | D:4      | Noticed a phantom
  2394 | D:4      | Gained mutation: A weak demonic guardian rushes to your
                  | aid. [demonic ancestry]
  2394 | D:4      | Reached XP level 4. HP: 33/33 MP: 4/8
  2418 | D:4      | Killed a phantom
  2419 | D:4      | Gained mutation: You regenerate health from kills. [demonic
                  | ancestry]
  2419 | D:4      | Reached XP level 5. HP: 36/39 MP: 5/9
  2540 | D:4      | Noticed an ogre
  2546 | D:4      | Killed an ogre
  2686 | D:4      | Reached XP level 6. HP: 47/47 MP: 5/11
  2813 | D:4      | Learned a level 4 spell: Flame Wave
  2818 | D:4      | Learned a level 4 spell: Fulminant Prism
  3284 | D:5      | Entered Level 5 of the Dungeon
  3684 | D:5      | Noticed a water moccasin
  3766 | D:5      | Killed a water moccasin
  3767 | D:5      | Gained mutation: You have a pair of small horns on your
                  | head. [demonic ancestry]
  3767 | D:5      | Reached XP level 7. HP: 47/54 MP: 6/13
  3802 | D:5      | Found a staircase to the Ecumenical Temple.
  3830 | Temple   | Entered the Ecumenical Temple
  3961 | D:5      | Noticed Dowan
  3963 | D:5      | Noticed Duvessa
  3974 | D:5      | Killed Dowan
  3987 | D:5      | Killed Duvessa
  4184 | D:5      | Reached skill level 5 in Fire Magic
  4235 | D:5      | Gained mutation: You have a tail ending in a sharp stinger.
                  | [demonic ancestry]
  4235 | D:5      | Reached XP level 8. HP: 61/61 MP: 10/15
  4435 | D:5      | Reached skill level 5 in Fighting
  4435 | D:5      | Reached skill level 5 in Spellcasting
  4479 | D:5      | Got the Compilation of the Ensnaring Brume
  4777 | D:6      | Noticed Eustachio
  4812 | D:6      | Killed Eustachio
  5247 | D:7      | Reached skill level 5 in Conjurations
  5639 | D:8      | Reached skill level 1 in Alchemy
  5696 | D:8      | Found a runed translucent gate.
  5696 | D:8      | Found a runed translucent gate.
  5696 | D:8      | Found a runed translucent gate.
  5751 | D:8      | Noticed a slime creature
  5752 | D:8      | Noticed a slime creature
  5752 | D:8      | Noticed BigPumpCobain's ghost (novice MiBe)
  5774 | D:8      | Reached XP level 9. HP: 71/71 MP: 14/18
  6612 | D:8      | Found a viscous altar of Jiyva.
  6842 | D:9      | Found a shimmering blue altar of Sif Muna.
  7018 | D:9      | Noticed a tengu warrior
  7294 | D:9      | Killed a tengu warrior
  7295 | D:9      | Gained mutation: You have large cloven feet. [demonic
                  | ancestry]
  7295 | D:9      | Reached XP level 10. HP: 46/80 MP: 19/21
  7643 | D:10     | Entered Level 10 of the Dungeon
  7664 | D:10     | Found a hide-covered altar of Uskayaw.
  7755 | D:10     | Found a staircase to the Orcish Mines.
  7824 | D:10     | Found an iron altar of Okawaru.
  8655 | D:11     | HP: 1/82 [something (6)]
  8655 | D:11     | Slain by a vampire mosquito

Illustrated notes

Levels and vault maps discovered:
D:1:      saegor_arrival_simple_a, layout_rooms, columned_hall_lemuel
D:2:      layout_basic
D:3:      layout_loops_cross, nicolae_gozag_cash_rules_everything_around_me,
          serial_shops, shop
D:4:      layout_loops_ring, nicolae_elyvilon_temple_path, serial_glass,
          glass_columns_b, glass_columns_c
D:5:      layout_loops_corners, minmay_temple_entry_mini_moons,
          roderic_serpentine_path, nicolae_underground_beach, uniq_duvessa
D:6:      layout_rooms, uniq_eustachio
D:7:      layout_basic, gammafunk_ghost_smash
D:8:      layout_loops_ring, gammafunk_ghost_ooze
D:9:      kennysheep_big_flooded_room, layout_loops_cross,
          mainiacjoe_overflow_boulevard
D:10:     minmay_the_grid_four_pointed_star_mashed
          [minmay_the_grid_triangle_9x9_tough_junction,
          minmay_the_grid_triangle_9x9_descending_squares,
          minmay_the_grid_triangle_9x9_empty,
          minmay_the_grid_triangle_9x9_stretched_checkered,
          minmay_the_grid_prize_four_corners], layout_basic,
          nicolae_overflow_hidden_temple, minmay_orc_entry_temple_small
D:11:     layout_basic, due_lair_maze_entry_diamond, uniq_nergalle, uniq_harold
Temple:   regret_index_temple_generic_petals

Skill      XL: |  1  2  3  4  5  6  7  8  9 10 |
---------------+-------------------------------+-----
Fighting       | 1 2 3 4 6 7 8 |  8.7
Fire Magic     | 3 4 5 |  5.0
Conjurations   | 2 3 5 7 |  7.0
Spellcasting   | 3 4 6 7 8 |  8.1
Alchemy        | 1 3 4 |  4.0
Dodging        | |  1.7
Stealth        | |  1.7

Action                     |  1- 3 |  4- 6 |  7- 9 | 10-12 || total
---------------------------+-------+-------+-------+-------++-------
  Melee: Unarmed           |     4 |     5 |       |       ||     9
         Tailslap          |       |     1 |       |     5 ||     6
         Dagger            |       |       |    13 |    18 ||    31
         Headbutt          |       |       |     1 |     5 ||     6
   Cast: Foxfire           |   154 |   106 |   191 |    42 ||   493
         Scorch            |       |    15 |    76 |    45 ||   136
         Flame Wave        |       |     1 |    13 |       ||    14
         Fulminant Prism   |       |       |       |     3 ||     3
  Evoke: Wand              |       |       |     5 |       ||     5
    Use: Potion            |       |     2 |     1 |       ||     3
 Armour: Robe              |     5 |    12 |    60 |    62 ||   139
  Dodge: Dodged            |    17 |    11 |    59 |    24 ||   111
         Repelled          |       |     2 |     1 |     1 ||     4

Table legend: (Time is in decaauts)
 A = Elapsed time spent in this place.
 B = Non-inter-level travel time spent in this place.
 C = Inter-level travel time spent in this place.
 D = Time resting spent in this place.
 E = Time spent auto-exploring this place.
 F = Levels seen in this place.
 G = Mean time per level.
                   A        B        C        D        E       F      G
               +--------+--------+--------+--------+--------+-----+--------+
         Total |   8685 |   8192 |    493 |    157 |   6560 |  12 |  723.8 |
       Dungeon |   8683 |   8190 |    493 |    157 |   6560 |  11 |  789.4 |
        Temple |      1 |      1 |      0 |      0 |      0 |   1 |    1.0 |
               +--------+--------+--------+--------+--------+-----+--------+

Top non-repeatable levels by time:
     D:5: 1373 daAuts
     D:9: 1146 daAuts
     D:8: 904 daAuts
     D:4: 883 daAuts
     D:1: 880 daAuts
     D:2: 788 daAuts
     D:3: 731 daAuts
     D:7: 540 daAuts
     D:6: 526 daAuts
    D:11: 476 daAuts
    D:10: 431 daAuts
  Temple: 1 daAuts
